Map: Coda LE (Void)

Players

Lycan

  • Race: Terran Terran

Shamanas

  • Race: Terran Terran

Lunar

  • Race: Terran Terran

ForgottenOne

  • Race: Terran Terran

VOD

Have the link to the VOD?

Description

Time

  • Played on: May 2, 2015, 10:44 a.m.
  • Length: 14:47
Show
View Real Time Build Order
Export as new Build Order

Lycan Terran 

Build Orders: Bio Tank, Banshee Rush 

Get SALT Encoding   

  12  0:01  SCV  
  13  0:13  SCV  
  14  0:19  Supply Depot  
  14  0:25  SCV  
  15  0:35  Refinery  
  15  0:40  SCV  
  16  0:45  Barracks  
  16  0:52  SCV  
  17  1:04  SCV  
  18  1:16  SCV  
  19  1:32  Orbital Command, Marine  
  20  1:38  Supply Depot  
  20  1:39  Refinery  
  20  1:50  Marine  
  21  1:58  SCV  
  22  2:08  Marine  
  23  2:10  SCV  
  23  2:13  Factory  
  23  2:15  Supply Depot  
  24  2:22  SCV  
  24  2:26  Barracks Reactor  
  24  2:32  Supply Depot  
  24  2:34  SCV  
  25  2:46  SCV  
  26  2:58  Starport  
  26  2:59  SCV  
  26  3:03  Marine x2  
  29  3:06  Command Center  
  29  3:11  SCV  
  30  3:13  Factory Tech Lab  
  30  3:20  Marine  
  30  3:21  Marine  
  30  3:23  SCV  
  33  3:37  SCV  
  33  3:40  Banshee, Cloaking Field  
  37  3:42  Marine  
  37  3:43  Marine  
  39  3:50  Supply Depot  
  39  3:56  Factory Tech Lab  
  39  4:00  Marine x2  
  41  4:04  SCV  
  42  4:14  Siege Tank  
  42  4:16  SCV  
  46  4:20  Orbital Command  
  46  4:28  SCV  
  46  4:30  Marine  
  51  4:32  Marine  
  51  4:39  Viking  
  51  4:40  SCV  
  51  4:47  Siege Tank  
  51  4:52  SCV  
  56  4:53  Orbital Command  
  56  4:58  Marine x2  
  53  5:04  SCV  
  53  5:16  SCV, Marine x2  
  53  5:18  Barracks  
  53  5:19  Siege Tank  
  59  5:23  SCV  
  59  5:28  SCV, Viking  
  62  5:29  Supply Depot  
  62  5:34  Marine  
  64  5:36  SCV  
  64  5:39  Marine  
  64  5:40  SCV  
  67  5:48  SCV  
  68  5:51  Siege Tank, Marine  
  68  5:55  SCV  
  73  5:57  Marine  
  73  6:03  SCV  
  75  6:07  Supply Depot  
  75  6:08  Supply Depot x2  
  75  6:09  Marine  
  76  6:13  Stimpack  
  76  6:14  Marine  
  76  6:17  Engineering Bay  
  78  6:20  Engineering Bay  
  78  6:27  SCV  
  78  6:28  SCV  
  78  6:32  Marine  
  80  6:37  Barracks Reactor  
  80  6:39  SCV  
  84  6:41  SCV  
  84  6:42  Medivac  
  84  6:43  Medivac  
  89  6:51  SCV  
  89  6:52  Marine  
  89  6:53  SCV  
  89  6:57  Command Center, Refinery  
  89  6:59  Refinery  
  89  7:03  Terran Infantry Weapons Level 1, Terran Infantry Armor Level 1  
  89  7:08  SCV  
  89  7:10  Marine  
  89  7:13  SCV  
  89  7:14  Supply Depot, Marine x2  
  94  7:20  SCV  
  94  7:25  SCV  
  94  7:28  Marine  
  96  7:32  Marine  
  96  7:33  SCV  
  96  7:34  Siege Tank  
  102  7:37  SCV, Supply Depot  
  102  7:39  Barracks  
  102  7:40  Barracks  
  102  7:45  SCV, Marine  
  102  7:46  Marine  
  102  7:49  SCV  
  106  7:52  Barracks  
  106  7:53  Barracks  
  106  7:57  SCV  
  107  8:01  Supply Depot, SCV  
  107  8:02  Marine  
  107  8:03  Marine  
  110  8:06  Siege Tank  
  110  8:11  Armory  
  113  8:13  Marine  
  113  8:15  SCV  
  115  8:20  Marine  
  115  8:22  SCV  
  115  8:23  Marine  
  115  8:25  Supply Depot  
  116  8:28  Refinery  
  116  8:31  Marine  
  116  8:34  SCV, Refinery  
  116  8:36  Barracks Reactor x2  
  116  8:39  SCV, Siege Tank, Orbital Command  
  116  8:41  Marine x2  
  121  8:46  Barracks Reactor  
  121  8:47  SCV  
  124  8:48  Barracks Reactor  
  124  8:51  SCV  
  124  8:53  Combat Shields  
  125  9:00  Supply Depot, SCV  
  125  9:01  Marine x2  
  128  9:03  SCV  
  128  9:08  Command Center  
  129  9:12  SCV  
  129  9:14  Marine x3  
  129  9:16  Terran Infantry Weapons Level 2  
  135  9:18  Marine  
  135  9:19  Terran Infantry Armor Level 2, Marine  
  135  9:21  SCV  
  135  9:23  Supply Depot  
  136  9:24  SCV  
  136  9:28  Marine x2  
  136  9:29  Marine x4  
  143  9:32  Sensor Tower, Marine x3  
  148  9:40  Sensor Tower  
  148  9:41  Marine x2  
  148  9:45  Siege Tank  
  151  9:46  Marine x3  
  151  9:47  Viking, Marine  
  157  9:55  Supply Depot  
  157  9:59  Supply Depot, Terran Vehicle and Ship Weapons Level 1, Marine x2  
  158  10:00  Viking, Marine  
  158  10:01  Marine x3  
  158  10:05  Supply Depot  
  165  10:16  Marine x5  
  165  10:17  Marine x2  
  165  10:18  Marine  
  165  10:20  Marine x3  
  176  10:24  Siege Tank  
  179  10:34  Marine x5  
  179  10:35  Marine x3  
  185  10:38  Medivac x2, Marine x3  
  185  10:39  Orbital Command  
  194  10:54  Factory  
  194  10:55  Marine x4  
  194  10:56  Siege Tank  
  196  11:01  Barracks  
  191  11:07  Medivac  
  191  11:08  Medivac  
  164  11:14  SCV, Marine x2  
  164  11:15  Marine x2  
  164  11:19  Marine x4  
  168  11:29  Marine x3  
  170  11:35  Marine x2  
  170  11:37  Medivac, Marine x3  
  170  11:38  Medivac  
  177  11:40  Factory Tech Lab  
  177  11:43  Marine  
  177  11:44  Terran Infantry Weapons Level 3, Marine  
  177  11:46  Terran Infantry Armor Level 3  
  176  11:47  Marine x2  
  176  11:48  Marine  
  176  11:52  Marine  
  180  11:56  SCV  
  180  11:57  Marine x2  
  180  11:58  Orbital Command  
  181  12:02  Siege Tank  
  181  12:05  Marine x2  
  181  12:07  Marine x2  
  188  12:12  Marine x2  
  188  12:15  Siege Tank  
  193  12:16  Marine x5  
  193  12:20  Refinery  
  198  12:23  Barracks Reactor, Marine x2  
  198  12:26  Refinery  
  200  12:33  Marine  
  200  12:34  Siege Tank  
  200  12:36  SCV  
  180  12:38  Marine  
  180  12:39  SCV  
  180  12:41  Marine  
  180  12:43  Marine x2  
  180  12:44  Marine x3  
  178  12:45  SCV  
  178  12:47  Siege Tank  
  178  12:48  Marine x2  
  186  12:53  Marine x2  
  186  12:57  Marine  
  189  12:58  Marine  
  189  13:03  Marine  
  189  13:05  Marine x2  
  193  13:06  Siege Tank  
  193  13:07  Marine x2  
  193  13:12  Marine  
  188  13:17  Marine x3  
  188  13:18  Marine  
  188  13:19  Siege Tank, Marine x2  
  183  13:20  Marine  
  183  13:21  Marine  
  181  13:30  Marine x2  
  173  13:38  Siege Tank  
  168  13:42  Marine x3  
  168  13:44  Command Center  
  168  13:46  Marine x2  
  173  13:49  Marine x3  
  173  13:50  Marine  
  173  13:51  Marine  
  173  13:53  Marine  
  179  13:57  Marine x2  
  181  14:03  Marine x2  
  181  14:05  Medivac x2  
  187  14:10  Siege Tank  
  187  14:12  Marine x3  
  193  14:18  Marine x2  
  193  14:20  Marine x2  
  197  14:25  Marine  
  197  14:26  Marine  
Show
View Real Time Build Order
Export as new Build Order

Shamanas Terran 

Build Orders: Reaper Expand, Bio Tank, Siege Tank Drop 

Get SALT Encoding   

  12  0:01  SCV  
  13  0:13  SCV  
  14  0:18  Supply Depot  
  14  0:25  SCV  
  15  0:39  SCV  
  15  0:40  Barracks  
  16  0:49  Refinery  
  16  0:52  SCV  
  17  1:04  SCV  
  18  1:16  SCV  
  19  1:28  Orbital Command  
  19  1:32  Reaper  
  20  1:49  Command Center  
  20  1:53  Supply Depot  
  20  1:54  SCV  
  21  2:06  SCV  
  22  2:09  Refinery  
  22  2:11  Factory  
  22  2:21  SCV  
  23  2:24  Barracks Tech Lab  
  23  2:33  SCV  
  24  2:45  SCV  
  24  2:57  SCV, Starport  
  25  3:03  Orbital Command  
  25  3:07  Supply Depot, Siege Tank  
  25  3:08  Marine  
  25  3:09  SCV  
  30  3:23  SCV  
  30  3:26  Marine  
  32  3:27  Engineering Bay  
  32  3:30  Engineering Bay  
  32  3:32  SCV, Supply Depot  
  33  3:35  SCV, Medivac  
  36  3:44  SCV  
  37  3:49  SCV, Siege Tank  
  37  3:54  Supply Depot  
  41  3:55  Barracks Tech Lab  
  41  3:56  SCV  
  41  4:02  SCV  
  43  4:07  Starport Reactor  
  43  4:08  SCV  
  44  4:13  Marine  
  44  4:14  SCV, Refinery  
  46  4:18  Barracks  
  46  4:20  SCV, Barracks  
  47  4:25  Stimpack  
  47  4:26  SCV  
  47  4:30  Supply Depot  
  48  4:34  Marine  
  48  4:35  SCV  
  48  4:38  SCV  
  51  4:43  Siege Tank  
  54  4:47  SCV  
  54  4:50  SCV  
  54  4:52  Marine  
  57  4:53  Supply Depot, Refinery  
  57  4:58  Medivac  
  58  5:08  Missile Turret x2  
  58  5:12  Marine x3  
  58  5:13  Viking  
  59  5:30  Marine  
  58  5:38  Marine x2  
  57  5:44  SCV x2  
  57  5:48  Marine  
  61  5:57  Barracks Reactor  
  61  5:58  Barracks Reactor  
  61  5:59  Siege Tank  
  61  6:00  SCV  
  61  6:03  Command Center  
  64  6:05  Terran Infantry Weapons Level 1  
  64  6:06  Terran Infantry Armor Level 1  
  64  6:11  SCV  
  64  6:12  SCV  
  64  6:16  Armory  
  66  6:20  Marine  
  66  6:23  SCV  
  66  6:24  SCV  
  69  6:31  Siege Tank  
  72  6:34  Marine x3  
  72  6:35  Marine  
  72  6:36  SCV x2  
  78  6:44  Marine  
  79  6:50  Barracks  
  79  6:51  Factory, Barracks  
  79  6:53  Marine  
  79  6:54  SCV x2, Marine x2  
  84  7:02  Marine x2  
  84  7:05  Supply Depot  
  84  7:06  Terran Vehicle And Ship Armor Level 1  
  86  7:09  Supply Depot  
  86  7:15  SCV x2, Siege Tank  
  91  7:22  Marine  
  91  7:23  Marine x3  
  91  7:24  Marauder  
  91  7:27  SCV x2  
  99  7:33  Combat Shields  
  99  7:36  Factory Tech Lab  
  94  7:37  Barracks Reactor  
  94  7:38  Barracks Reactor  
  94  7:39  SCV x2  
  94  7:43  Orbital Command  
  96  7:45  Marine x4  
  96  7:47  Marauder  
  99  7:51  SCV x2  
  99  7:52  Supply Depot  
  100  7:58  Supply Depot  
  100  7:59  Viking  
  100  8:02  Medivac  
  100  8:05  SCV x2  
  105  8:13  Marine  
  106  8:25  Marine x4  
  106  8:26  Marine x2  
  112  8:27  Siege Tank x2  
  112  8:28  SCV x2  
  112  8:29  Terran Infantry Weapons Level 2  
  112  8:30  Terran Infantry Armor Level 2  
  120  8:34  SCV  
  120  8:36  Refinery  
  120  8:37  Supply Depot, Refinery  
  120  8:38  Supply Depot  
  120  8:39  Supply Depot  
  120  8:40  SCV  
  122  8:43  Supply Depot, Marine x4  
  122  8:44  Medivac  
  128  8:49  SCV x2  
  128  8:51  Marine x3  
  128  8:53  Command Center  
  133  8:58  Marine x2  
  133  8:59  Terran Vehicle And Ship Armor Level 2  
  133  9:00  Marine  
  135  9:09  Missile Turret  
  135  9:10  Medivac  
  135  9:11  Marine  
  135  9:12  Marine x5  
  135  9:16  Barracks, Marine  
  144  9:18  Barracks  
  144  9:20  Marine x2  
  146  9:29  Marine x2  
  146  9:30  Missile Turret, Marine x2  
  148  9:32  Missile Turret  
  148  9:38  Marine x3  
  150  9:39  Siege Tank x2  
  157  9:47  Supply Depot, Marine x4  
  161  9:54  Missile Turret x2  
  161  9:59  Marine x4  
  165  10:05  SCV x3, Orbital Command  
  168  10:10  Marine x2  
  168  10:12  Marine  
  171  10:18  Missile Turret  
  171  10:19  Barracks Reactor, Barracks Tech Lab, Marine  
  172  10:21  Missile Turret  
  172  10:23  Missile Turret  
  172  10:24  Marine x4  
  172  10:25  SCV  
  172  10:26  SCV  
  177  10:31  Viking x2  
  177  10:36  Marine x3  
  177  10:37  Marine x2  
  180  10:45  Terran Infantry Weapons Level 3  
  179  10:59  Orbital Command  
  179  11:00  Marine x5  
  179  11:01  Marauder, Marine x2  
  188  11:07  SCV, Viking, Siege Tank, Marauder  
  173  11:13  Marine  
  173  11:18  Terran Infantry Armor Level 3, Marine x3  
  163  11:19  Marine  
  163  11:20  SCV  
  163  11:22  Marine x2  
  159  11:33  SCV x3, Marine x2  
  159  11:34  Marine x3  
  159  11:37  Siege Tank  
  167  11:47  Marine x2  
  166  11:59  Marine x5  
  168  12:02  Siege Tank  
  168  12:05  Viking x2  
  175  12:09  Siege Tank  
  175  12:13  Marine x3  
  175  12:15  Marine x3  
  184  12:19  Marine x3  
  187  12:28  Marine x3  
  190  12:30  Marine  
  190  12:31  SCV x4  
  190  12:34  Siege Tank  
  190  12:35  Viking, Marine  
  178  12:41  Siege Tank  
  178  12:43  Marine x5  
  178  12:44  Marine x2  
  140  12:48  Marine  
  140  12:51  Marine x3  
  129  12:52  SCV x3  
  129  12:53  Marine  
  129  12:56  Refinery  
  129  12:57  Refinery  
  131  13:01  Marine x5  
  122  13:18  Marine x2  
  91  13:20  Marine x3  
  91  13:21  Marine x3  
  91  13:27  Marine x4  
  82  13:30  SCV x2  
  82  13:31  SCV  
  77  13:36  Hi-Sec Auto Tracking, Marine x2  
  77  13:38  Marine x2  
  77  13:39  Marine x3  
  83  13:47  Command Center, Marine x4  
  87  13:55  Siege Tank x2  
  93  14:00  Supply Depot, Marine  
  94  14:04  Marine x2  
  94  14:05  Marine x2  
  94  14:09  Marine  
  99  14:14  Marine x3  
  104  14:25  Marine  
Show
View Real Time Build Order
Export as new Build Order

Lunar Terran 

Build Orders:  

Get SALT Encoding   

Show
View Real Time Build Order
Export as new Build Order

ForgottenOne Terran 

Build Orders:  

Get SALT Encoding   

Tags
 
Add a new tag
Caveats
  • Supply blocks, unpowered buildings, or Contaminate may cause inaccurate times.
  • Supply counts are checked every 10 seconds.